 Dungeon Crawl Stone Soup version 0.29-a0-459-g97dee8cd24 (webtiles) character file.

Game seed: 18231844542244741148

46496 happo123 the Covert (level 14, -2/101 HPs)
             Began as a Djinni Earth Elementalist on May 20, 2022.
             Was a High Priest of Dithmenos.
             Slain by a meliai
             ... wielding a +1 hand axe of electrocution
              (4 damage)
             ... on level 5 of the Lair of Beasts.
             The game lasted 02:23:58 (13191 turns).

happo123 the Covert (Djinni Earth Elementalist)    Turns: 13191, Time: 02:23:59

Health: -2/101     AC: 20    Str:  7    XL:     14   Next: 76%
Gold:   739        EV:  9    Int: 28    God:    Dithmenos [*****.] SH:  3 Dex: 14

rFire   + . .      SeeInvis .   d - +4 war axe of Blind Justice {elec, Int+6}
rCold   + + +      Faith    .   b - +0 buckler
rNeg    . . .      Spirit   .   S - +0 ice dragon scales
rPois   ∞          Reflect  .   J - +0 helmet
rElec   .          Harm     .   Q - +1 cloak {rC+}
rCorr   .          Rampage  .   B - +2 pair of gloves
Will    +....                   (boots unavailable)
Stlth   +++++++...              g - amulet of regeneration
HPRegen 1.06/turn               A - ring of wizardry
MPRegen 0.00/turn               j - ring of protection from cold

@: flying, hasted, wreathed by umbra, studying 2 skills, very quick
A: sickness immunity, fire resistance 2, cold vulnerability 1, float, innate
caster, HP casting, extra vitality 1
a: Renounce Religion, Shadow Step, Shadow Form


You were on level 5 of the Lair of Beasts.
You worshipped Dithmenos.
Dithmenos was extremely pleased with you.
You visited 3 branches of the dungeon, and saw 15 of its levels.
You also visited: Bailey and Ice Cave.

You collected 1214 gold pieces.
You spent 475 gold pieces at shops.

Inventory:

Hand Weapons
 d - the +4 war axe of Blind Justice (weapon) {elec, Int+6}
   (You found it on level 1 of the Lair of Beasts)

   It occasionally discharges a powerful burst of electricity upon striking a
   foe.
   Int:       It affects your intelligence (+6).
Missiles
 a - 285 stones
Armour
 b - a +0 buckler (worn)
 n - a scarf of resistance
 q - a scarf of shadows
 y - a +2 leather armour of cold resistance
 B - a +2 pair of gloves (worn)
 J - a +0 helmet (worn)
 Q - a +1 cloak of cold resistance (worn)
 S - +0 ice dragon scales (worn)
Magical Staves
 p - a staff of cold
 x - a staff of fire
Jewellery
 g - an amulet of regeneration (around neck)
 j - a ring of protection from cold (right hand)
 z - a +6 ring of intelligence
 A - a ring of wizardry (left hand)
 C - a ring of fire
 G - a ring of resist corrosion
 M - a +4 ring of evasion
 T - a ring of ice
 V - a ring of see invisible
Wands
 k - a wand of flame (59)
 D - a wand of acid (2)
 I - a wand of iceblast (29)
 O - a wand of digging (3)
 U - a wand of mindburst (16)
 Y - a wand of polymorph (7)
Scrolls
 e - a scroll of magic mapping {unknown}
 f - 10 scrolls of teleportation
 h - 2 scrolls of vulnerability {unknown}
 i - a scroll of torment {unknown}
 l - 5 scrolls of fog
 s - 2 scrolls of amnesia {unknown}
 t - 4 scrolls of immolation
 u - 5 scrolls of poison
 v - 3 scrolls of noise {unknown}
 F - a scroll of fear {unknown}
 K - 2 scrolls of silence
 L - 3 scrolls of summoning {unknown}
 P - a scroll of enchant weapon {unknown}
 R - a scroll of brand weapon {unknown}
 W - a scroll of enchant armour {unknown}
 X - 2 scrolls of blinking {unknown}
Potions
 c - 2 potions of degeneration {unknown}
 m - 4 potions of cancellation
 o - a potion of haste
 r - 2 potions of brilliance {unknown}
 w - 2 potions of flight {unknown}
 E - 5 potions of might
 H - 4 potions of curing
 N - a potion of invisibility
 Z - 2 potions of resistance


   Skills:
 + Level 9.3 Fighting
 + Level 1.7 Axes
 + Level 9.3 Armour
 + Level 10.7 Dodging
 + Level 14.1 Stealth
 * Level 10.6 Spellcasting
 * Level 3.0 Invocations


You had 5 spell levels left.
You knew the following spells:

 Your Spells              Type           Power      Damage    Failure   Level
a - Sandblast             Erth           100%       2d20      1%          1
b - Passwall              Tmut/Erth      54%        N/A       1%          2
c - Stone Arrow           Conj/Erth      100%       3d13      1%          3
d - Petrify               Tmut/Erth      65%        N/A       3%          4
e - Slow                  Hex            100%       N/A       1%          1
f - Static Discharge      Conj/Air       65%        N/A       1%          2
g - Spider Form           Tmut/Pois      65%        N/A       1%          3
h - Swiftness             Air            65%        N/A       1%          3
i - Metabolic Englaciati  Hex/Ice        32%        N/A       9%          5
j - Borgnjor's Vile Clut  Necr/Erth      32%        N/A       9%          5
Your spell library was empty.

Dungeon Overview and Level Annotations

Branches:
Dungeon (9/15)             Temple (1/1) D:6            Lair (5/6) D:9
  Swamp (0/4) Lair:2       Spider (0/4) Lair:4       Bailey (visited)
  IceCv (visited)
  Slime: Lair:5-6       Orc: D:9-12

Altars:
Ashenzari
Dithmenos
Elyvilon
Fedhas
Gozag
Hepliaklqana
Kikubaaqudgha
Makhleb
Nemelex Xobeh
Okawaru
Qazlal
Ru
Sif Muna
Trog
Uskayaw
Vehumet
Wu Jian
Xom
Yredelemnul
Zin
The Shining One
Beogh
Lugonu

Shops:
D:4 [   D:5 [   D:6 =(   D:7 *   D:8 ?


Innate Abilities, Weirdness & Mutations

You are immune to sickness and miasma.
You are immune to poison.
Your flesh is very heat resistant. (rF++)
You are vulnerable to cold. (rC-)
You float through the air rather than walking.
You learn spells naturally, not from books.
Your magical power is your life essence.
You have superior vitality. (+4 MHP)


Message History

A killer bee comes into view.
The killer bee barely misses you.
The killer bee stings you but does no damage.
The killer bee stings you.
* * * LOW HITPOINT WARNING * * *
The killer bee stings you but does no damage.
The killer bee barely misses you.
The killer bee moves out of view.
Aiming: Shadow Step
Press: ? - help, Dir - move target, f - killer bee
Aim: a killer bee (umbra)
You step into the killer bee's shadow.
The killer bee barely misses you. x2
The meliai barely misses you.
The meliai stings you but does no damage.
The meliai barely misses you.
The meliai stings you but does no damage.
You see here a killer bee corpse.
The meliai attacks as you move away! The meliai hits you but does no damage.
You block the meliai's attack. The meliai closely misses you.
The meliai stings you but does no damage.
You block the killer bee's attack. The meliai attacks as you move away!
The meliai barely misses you.
The meliai stings you but does no damage.
A wyvern comes into view.
The meliai hits you with a +1 hand axe of electrocution!
* * * LOW HITPOINT WARNING * * *
You block the meliai's attack.
The killer bee stings you but does no damage.
You feel better. The killer bee barely misses you.
The blink frog blinks!
A steam dragon comes into view.
The meliai barely misses you. x2; The killer bee barely misses you.
The killer bee stings you but does no damage.
You feel yourself speed up. The blink frog misses you.
The meliai calls upon its god to heal the killer bee.
The killer bee is healed somewhat.
The killer bee stings you.
* * * LOW HITPOINT WARNING * * *
The killer bee stings you but does no damage.
The killer bee closely misses you. The blink frog hits you!
* * * LOW HITPOINT WARNING * * *
The meliai hits you with a +1 hand axe of electrocution.
You die...

.....##.......###....##
.....##.....#...###.##
##
.....###..⌠.##....#####.
# .....#
##...#...#....#.#.#.#
.....#
#.#....#....##D...#
....## #.#....#..##yy#
.....# #.#.....##yy##†y#
....##
.......#yy##..##..#
....##
#..#.P.y@y.§##.y.F#
......
P..###..Fy##..##.#y#
...... .. #.##... .# # #
...... #. ##.#.#..
....## # .# .#.# .....##
#. .#. ......## #. #
....... .# .....#


You could see a blink frog, a steam dragon, a meliai and 8 killer bees.

Vanquished Creatures
  A reaper (IceCv)
  The ghost of jejorda2 the Impaler, a journeyman MfFi of Nemelex Xobeh (Lair:3)
  The ghost of croobank the Thaumaturge, a journeyman GnFE (Lair:2)
  Fannar (Lair:3)
  A boulder beetle (Lair:5)
  4 hydras
  Erica (D:9)
  3 two-headed ogres
  A catoblepas (Lair:2)
  A death yak (Lair:2)
  Sonja (Lair:3)
  A death drake (shapeshifter) (D:8)
  Pikel (D:9)
  A lindwurm (Lair:2)
  3 manticores (Lair:5)
  An ugly thing (IceCv)
  2 moths of wrath (Lair:2)
  15 elephants
  A black mamba (Lair:4)
  An ice statue (IceCv)
  11 cane toads
  An efreet (D:8)
  A rime drake (Lair:4)
  9 komodo dragons
  An anaconda simulacrum (IceCv)
  An entropy weaver simulacrum (IceCv)
  A queen bee (Lair:3)
  A meliai (Lair:3)
  12 blink frogs
  3 hornets
  Prince Ribbit (D:7)
  A slime creature (D:8)
  Sigmund (D:7)
  2 dire elephant simulacra (IceCv)
  32 yaks
  A vampire (D:8)
  3 spriggans (Bailey)
  2 wyverns
  A basilisk (Lair:1)
  4 fire elementals (Lair:1)
  2 fire bats (Lair:1)
  A wraith (D:8)
  2 redbacks (Lair:4)
  2 death yak simulacra (IceCv)
  2 steam dragons
  3 wargs (D:9)
  Edmund (D:7)
  15 water moccasins
  A hell hound (Lair:1)
  A black bear (D:6)
  3 sky beasts
  An ice beast (D:5)
  5 orc warriors
  8 ogres
  2 centaurs
  8 wolves
  A phantom (D:6)
  11 bullfrogs
  2 kobold brigands
  Blork the orc (D:5)
  3 scorpions (D:6)
  2 cane toad simulacra (IceCv)
  A necrophage (D:5)
  5 two-headed ogre simulacra (IceCv)
  9 wights (D:8)
  4 elephant simulacra (IceCv)
  10 killer bees
  2 howler monkeys (D:9)
  An electric eel (Lair:2)
  3 hounds
  4 jellies
  13 orc priests
  Jessica (D:2)
  8 hell rats
  7 iguanas
  11 orc wizards
  6 spriggan simulacra (IceCv)
  3 polar bear simulacra (IceCv)
  A wolf simulacrum (IceCv)
  5 troll simulacra (IceCv)
  6 gnolls
  4 naga simulacra (IceCv)
  7 adders
  9 river rats
  7 white imps
  8 ufetubi
  3 worms
  3 dart slugs
  67 orcs
  A bat (D:3)
  8 endoplasms
  A giant cockroach (D:1)
  6 goblins
  7 hobgoblins
  3 quokkas
  7 ball pythons
  A frilled lizard (D:2)
  16 kobolds
  8 rats
474 creatures vanquished.

Vanquished Creatures (others)
  A fungus (Lair:3)
  11 plants
12 creatures vanquished.

Grand Total: 486 creatures vanquished

Notes
Turn   | Place    | Note
-------+----------+-------------------------------------------
     0 | D:1      | happo123 the Djinni Earth Elementalist began the quest for
                  | the Orb.
     0 | D:1      | Reached XP level 1. HP: 15/15 MP: 0/0
   108 | D:1      | Reached XP level 2. HP: 15/21 MP: 0/0
   321 | D:1      | Reached skill level 2 in Stealth
   477 | D:1      | Reached XP level 3. HP: 21/25 MP: 0/0
   477 | D:1      | Learned a level 1 spell: Slow
   943 | D:2      | Found a faded altar of an unknown god.
  1086 | D:2      | Reached XP level 4. HP: 19/31 MP: 0/0
  1255 | D:2      | Noticed Jessica
  1260 | D:2      | Killed Jessica
  1261 | D:2      | Reached skill level 1 in Fighting
  1261 | D:2      | Reached skill level 1 in Armour
  1328 | D:3      | Reached XP level 5. HP: 37/37 MP: 0/0
  1328 | D:3      | Learned a level 2 spell: Static Discharge
  1906 | D:3      | Found an opulent altar of Gozag.
  1994 | D:3      | Reached skill level 3 in Stealth
  2397 | D:4      | Reached XP level 6. HP: 40/42 MP: 0/0
  3020 | D:4      | Found Yfinn's Armour Shop.
  3030 | D:4      | Bought a +2 leather armour of cold resistance for 190 gold
                  | pieces
  3137 | D:5      | Entered Level 5 of the Dungeon
  3233 | D:5      | Reached XP level 7. HP: 41/48 MP: 0/0
  3233 | D:5      | Learned a level 3 spell: Spider Form
  3357 | D:5      | Noticed Blork the orc
  3382 | D:5      | Killed Blork the orc
  3395 | D:5      | Reached skill level 4 in Stealth
  3432 | D:5      | Found a blossoming altar of Fedhas.
  3433 | D:5      | Found an iron altar of Okawaru.
  3435 | D:5      | Found a sparkling altar of Nemelex Xobeh.
  3436 | D:5      | Found an ornate altar of the Wu Jian Council.
  3505 | D:5      | Reached XP level 8. HP: 51/55 MP: 0/0
  3661 | D:5      | Found Sirus's Antique Armour Shoppe.
  3700 | D:5      | Found a shimmering altar of Xom.
  3916 | D:6      | Reached skill level 5 in Stealth
  3925 | D:6      | Found Cethreime's Weapon Boutique.
  3952 | D:6      | Found a staircase to the Ecumenical Temple.
  3966 | Temple   | Entered the Ecumenical Temple
  4019 | Temple   | Became a worshipper of Dithmenos the Shadowed
  4052 | D:6      | Reached XP level 9. HP: 26/61 MP: 0/0
  4052 | D:6      | Learned a level 3 spell: Swiftness
  4095 | D:6      | Found Ziboobe's Jewellery Shop.
  4219 | D:6      | Reached skill level 5 in Spellcasting
  4225 | D:6      | Reached skill level 5 in Dodging
  4447 | D:7      | Noticed Prince Ribbit
  4458 | D:7      | Killed Prince Ribbit
  4515 | D:7      | Reached skill level 6 in Stealth
  4517 | D:7      | Reached * piety under Dithmenos
  4544 | D:7      | Found a burning altar of Makhleb.
  4645 | D:7      | Found a white marble altar of Elyvilon.
  4732 | D:7      | Reached XP level 10. HP: 69/69 MP: 0/0
  4881 | D:7      | Found Qeutirat's General Store.
  4969 | D:7      | Noticed Sigmund
  4973 | D:7      | Killed Sigmund
  4974 | D:7      | Reached skill level 5 in Armour
  4974 | D:7      | Reached skill level 7 in Stealth
  4993 | D:7      | Noticed Edmund
  4998 | D:7      | Killed Edmund
  4999 | D:7      | Reached skill level 5 in Fighting
  5142 | D:5      | Bought a pair of ancient gloves for 285 gold pieces
  5142 | D:5      | Identified the +0 pair of gloves of Ennui {rPois Int-2
                  | Dex+8 Slay-5} (You bought it in a shop on level 5 of the
                  | Dungeon)
  5276 | D:8      | Reached ** piety under Dithmenos
  5292 | D:8      | Noticed a lindwurm
  5292 | D:8      | a wind drake changed into a lindwurm
  5326 | D:8      | Noticed a mana viper
  5326 | D:8      | a lindwurm changed into a mana viper
  5398 | D:8      | Noticed a death drake
  5403 | D:8      | Killed a death drake
  5404 | D:8      | Reached XP level 11. HP: 58/76 MP: 0/0
  5404 | D:8      | Learned a level 5 spell: Metabolic Englaciation
  5431 | D:8      | Found a sacrificial altar of Ru.
  5455 | D:8      | Reached skill level 8 in Stealth
  5569 | D:8      | Noticed a two-headed ogre
  5576 | D:8      | Killed a two-headed ogre
  5591 | D:8      | Found a flagged portal.
  5605 | Bailey   | Entered a bailey
  5634 | Bailey   | Noticed a two-headed ogre
  5642 | Bailey   | Killed a two-headed ogre
  5715 | Bailey   | Identified the +10 hand crossbow "Juraty" {vorpal, Will+++}
  5862 | D:8      | Found Muefy's Magic Scroll Shop.
  5907 | D:8      | Reached *** piety under Dithmenos
  5999 | D:8      | Found a bloodstained altar of Trog.
  6054 | D:8      | Found the +2 hat of the Bear Spirit {Spirit, *Rage Will++}
  6577 | D:9      | Reached skill level 9 in Stealth
  6590 | D:9      | Noticed Pikel
  6599 | D:9      | Killed Pikel
  6644 | D:9      | Found a staircase to the Lair.
  6646 | D:9      | Reached **** piety under Dithmenos
  6650 | D:9      | Noticed Erica
  6656 | D:9      | Killed Erica
  6657 | D:9      | Reached XP level 12. HP: 53/84 MP: 0/0
  6721 | D:9      | Found a basalt altar of Yredelemnul.
  6770 | D:9      | Noticed a two-headed ogre
  6776 | D:9      | Killed a two-headed ogre
  7151 | Lair:1   | Entered Level 1 of the Lair of Beasts
  7151 | Lair:1   | Found a transporter.
  7485 | Lair:1   | Found a transporter.
  7643 | Lair:1   | Reached skill level 10 in Stealth
  8164 | Lair:1   | Identified the +4 war axe of Blind Justice {elec, Int+6}
  8293 | Lair:2   | Noticed a death yak
  8300 | Lair:2   | Killed a death yak
  8513 | Lair:2   | Noticed a catoblepas
  8520 | Lair:2   | Killed a catoblepas
  8688 | Lair:2   | Found an iron altar of Okawaru.
  8720 | Lair:2   | Found a transporter.
  8727 | Lair:2   | Noticed croobank's ghost (journeyman GnFE)
  8733 | Lair:2   | Found a transporter.
  8862 | Lair:2   | Found a staircase to the Swamp.
  8862 | Lair:2   | Noticed a six-headed hydra
  8864 | Lair:2   | Reached skill level 11 in Stealth
  8873 | Lair:2   | Killed a six-headed hydra
  8874 | Lair:2   | Reached XP level 13. HP: 39/91 MP: 0/0
  8874 | Lair:2   | Learned a level 5 spell: Borgnjor's Vile Clutch
  9445 | Lair:2   | Killed croobank's ghost
  9595 | Lair:3   | Reached skill level 12 in Stealth
  9728 | Lair:3   | Reached ***** piety under Dithmenos
  9729 | Lair:3   | Noticed a four-headed hydra
  9735 | Lair:3   | Killed a four-headed hydra
  9800 | Lair:3   | Noticed a seven-headed hydra
  9805 | Lair:3   | Killed a seven-headed hydra
  9899 | Lair:3   | Noticed Sonja
  9903 | Lair:3   | Killed Sonja
 10100 | Lair:3   | Noticed Fannar
 10113 | Lair:3   | Killed Fannar
 10117 | Lair:3   | Identified the +5 hunting sling of Infinite Pain {flame,
                  | Stlth+}
 10123 | Lair:3   | Found a transporter.
 10124 | Lair:3   | Found a transporter.
 10127 | Lair:3   | Noticed jejorda2's ghost (journeyman MfFi)
 10488 | Lair:3   | HP: 3/93 [jejorda2's ghost (13)]
 10490 | Lair:3   | Killed jejorda2's ghost
 10637 | Lair:4   | Noticed a seven-headed hydra
 10641 | Lair:4   | Killed a seven-headed hydra
 10664 | Lair:3   | Reached skill level 13 in Stealth
 10792 | Lair:3   | Reached skill level 10 in Dodging
 10959 | Lair:3   | Reached skill level 10 in Spellcasting
 10959 | Lair:3   | Reached XP level 14. HP: 68/99 MP: 0/0
 11549 | Lair:4   | Found a hole to the Spider Nest.
 11774 | Lair:4   | Reached skill level 1 in Invocations
 11894 | Lair:5   | Found a frozen archway.
 11902 | IceCv    | Entered an ice cave
 12068 | IceCv    | Reached skill level 1 in Axes
 12068 | IceCv    | Reached skill level 14 in Stealth
 12102 | IceCv    | Reached ****** piety under Dithmenos
 12171 | IceCv    | Noticed a reaper
 12234 | IceCv    | Killed a reaper
 13189 | Lair:5   | HP: 2/101 [meliai/+1 hand axe of electrocution (9)]
 13191 | Lair:5   | Slain by a meliai

Illustrated notes

Levels and vault maps discovered:
D:1:      spicycebolla_arrival_transporter_tutorial, layout_basic,
          minmay_small_reverse_x
D:2:      layout_rooms, basic_ecumenical_altar, columned_hall_lemuel,
          uniq_jessica
D:3:      layout_loops_ring, general_overflow_altar, serial_co_window_serial,
          co_window_paths_a, co_window_paths_b, co_window_of_opportunity_a,
          co_window_corner_a, co_window_paths_a, co_window_2corner,
          co_window_of_opportunity_b, co_window_broadway_b,
          co_window_unsneaky_path_e, co_window_unsneaky_path_c,
          co_window_of_opportunity_b, co_window_4corner_a
D:4:      layout_loops_corners, serial_shops, nicolae_stop_n_shop_2,
          chequers_garden, grunt_ministairs_11, mrwooster_statue_mirror
D:5:      layout_basic, amcnicky_altar_gilded, minitemple, serial_shops,
          nicolae_shop_behind_doors, uniq_blork_the_orc
D:6:      layout_rooms, mainiacjoe_overflow_alcove_4,
          minmay_temple_entry_drinking_statues, serial_shops, shop,
          nicolae_shop_behind_doors
D:7:      layout_rooms, makhleb_heckhound_becter,
          nicolae_elyvilon_peaceful_grove, serial_shops, kennysheep_little_box,
          sigmund_edmund_badplayer, uniq_prince_ribbit1
D:8:      minmay_cut_squares, layout_loops_cross, lightli_temple_of_fire,
          kiku_gazebo_pond_becter, hangedman_ru_absence, special_room
          [special_room_orc], serial_shops, shop, enter_bailey_5,
          minmay_misc_feat_x
D:9:      layout_roguey, mainiacjoe_overflow_brackets,
          erik_lair_orcish_takeover, skrybe_limestone_x, uniq_pikel, uniq_erica
Temple:   corrupted_temple
Lair:1:   gammafunk_cloud_chamber, layout_loops_ring, serial_rivers,
          chequers_serial_rivers_micro_a, chequers_serial_rivers_micro_c,
          chequers_serial_rivers_room_a, chequers_serial_rivers_room_b,
          chequers_serial_rivers_small_3, chequers_serial_rivers_micro_c,
          lemuel_fruit_tree, serial_bayou_shore_b, serial_bayou_shore_b
Lair:2:   nzn_winding_woodlands_small [nzn_winding_woodlands_5x15_default,
          nzn_winding_woodlands_center_lodge,
          nzn_winding_woodlands_5x15_longhouse], layout_loops_ring,
          minmay_swamp_entry_reptiles, basic_altar,
          gammafunk_ghost_berserking_beasts, minivault_11, serial_bayou_shore_b,
          serial_bayou_shore_b
Lair:3:   layout_long_grid, gammafunk_ghost_hive, uniq_sonja, uniq_fannar
Lair:4:   layout_big_grid, spider_nest_entry_a, kennysheep_rathole
Lair:5:   regret_index_wax_grids, layout_big_grid, slime_altar_2,
          portal_ice_cave_entry_pillars_1

Skill      XL: |  1  2  3  4  5  6  7  8  9 10 11 12 13 14 |
---------------+-------------------------------------------+-----
Stealth        | 2 3 4 5 6 7 9 11 13 14 | 14.1
Fighting       | 1 2 3 4 5 6 7 8 9 |  9.3
Armour         | 1 2 3 4 5 6 7 8 9 |  9.3
Spellcasting   | 3 4 5 6 8 9 10 | 10.6
Dodging        | 3 4 5 6 8 9 10 | 10.7
Invocations    | 3 |  3.0
Axes           | 1 |  1.7

Action                   |  1- 3 |  4- 6 |  7- 9 | 10-12 | 13-15 || total
-------------------------+-------+-------+-------+-------+-------++-------
Melee: Staff             |       |     1 |       |       |       ||     1
       Unarmed           |       |       |    26 |     5 |       ||    31
       Hand axe          |       |       |     1 |       |       ||     1
       War axe           |       |       |       |     8 |   120 ||   128
 Fire: Hand crossbow     |       |     7 |       |    11 |       ||    18
 Cast: Sandblast         |    51 |    26 |     7 |    29 |    23 ||   136
       Stone Arrow       |       |    41 |   118 |   228 |   265 ||   652
       Passwall          |       |     8 |       |       |       ||     8
       Static Discharge  |       |     5 |     2 |    38 |    40 ||    85
       Spider Form       |       |       |     2 |       |       ||     2
       Metabolic Englaci |       |       |       |     5 |    11 ||    16
       Swiftness         |       |       |       |       |     3 ||     3
Invok: Shadow Step       |       |       |       |     1 |     2 ||     3
Evoke: Wand              |       |       |       |     4 |     1 ||     5
  Use: Scroll            |       |       |     4 |     5 |     2 ||    11
       Potion            |       |       |       |     1 |    13 ||    14
 Stab: Sleeping          |       |       |       |       |     2 ||     2
Armor: Robe              |     1 |     1 |       |       |       ||     2
       Leather armour    |       |     3 |    11 |    36 |   104 ||   154
       Skin              |       |       |     1 |       |       ||     1
       Ice dragon scales |       |       |       |       |    47 ||    47
Dodge: Dodged            |    10 |     8 |    63 |   119 |   501 ||   701
Block: Buckler           |       |       |       |    14 |    72 ||    86

Table legend: (Time is in decaauts)
 A = Elapsed time spent in this place.
 B = Non-inter-level travel time spent in this place.
 C = Inter-level travel time spent in this place.
 D = Time resting spent in this place.
 E = Time spent auto-exploring this place.
 F = Levels seen in this place.
 G = Mean time per level.
                   A        B        C        D        E       F      G
               +--------+--------+--------+--------+--------+-----+--------+
         Total |  13264 |   8183 |   5081 |    856 |   3788 |  17 |  780.2 |
       Dungeon |   6927 |   4292 |   2635 |    254 |   2520 |   9 |  769.7 |
        Temple |     69 |     12 |     57 |      0 |      0 |   1 |   69.0 |
          Lair |   5172 |   2783 |   2389 |    507 |   1170 |   5 | 1034.4 |
        Bailey |    176 |    176 |      0 |      4 |      8 |   1 |  176.0 |
      Ice Cave |    918 |    918 |      0 |     91 |     90 |   1 |  918.0 |
               +--------+--------+--------+--------+--------+-----+--------+

Top non-repeatable levels by time:
  Lair:3: 1515 daAuts
  Lair:2: 1343 daAuts
     D:3: 1073 daAuts
  Lair:1: 1059 daAuts
     D:8: 1056 daAuts
   IceCv: 918 daAuts
     D:1: 908 daAuts
  Lair:4: 819 daAuts
     D:5: 778 daAuts
     D:4: 777 daAuts
     D:7: 743 daAuts
     D:9: 669 daAuts
     D:6: 508 daAuts
  Lair:5: 433 daAuts
     D:2: 412 daAuts
